 Dungeon Crawl Stone Soup version 0.17.0-24-gcfadda4 (webtiles) character file.

4806 vatarom the Fighter (level 10, -26/105 HPs)
             Began as a Black Draconian Transmuter on Nov 16, 2015.
             Was a Priest of Makhleb.
             Annihilated by a hill giant
             ... wielding a +0 giant club
              (37 damage)
             ... on level 9 of the Dungeon.
             The game lasted 00:23:01 (10045 turns).

vatarom the Fighter (Black Draconian Transmuter)   Turns: 10045, Time: 00:23:01

Health: -26/105    AC:  6    Str: 13    XL:     10   Next: 24%
Magic:  25/25      EV: 12    Int: 16    God:    Makhleb [***...]
Gold:   562        SH:  0    Dex: 12    Spells: 5 memorised, 2 levels left

rFire  x . .     SeeInvis .       - Unarmed
rCold  + + +     Clarity  .     (armour unavailable)
rNeg   . . .     SustAt   +     (shield currently unavailable)
rPois  +         Gourm    .     (helmet currently unavailable)
rElec  .         Spirit   .     (cloak currently unavailable)
rCorr  +         Warding  .     (gloves currently unavailable)
rMut   .         Stasis   .     (boots currently unavailable)
MR     .....                    F - amulet of resist corrosion
Stlth  +.........               k - ring of magical power
                                h - ring of sustain attributes

@: ice-form, not resistant to hostile enchantments, very unstealthy
A: (breathe lightning), unfitting armour, (electricity resistance),
(cold-blooded), AC +7
a: End Transformation, Minor Destruction, Lesser Servant of Makhleb, Renounce
Religion


You were on level 9 of the Dungeon.
You worshipped Makhleb.
Makhleb was most pleased with you.
You were full.
You were a creature of crystalline ice.
You visited 2 branches of the dungeon, and saw 11 of its levels.
You also visited: Sewer.

You collected 562 gold pieces.

Inventory:

Hand Weapons
 q - the +4 whip "Globulus" {slash, rN+ MR+}
   (You found it on level 4 of the Dungeon)

   It inflicts extra damage upon your enemies.
   It protects you from negative energy.
   It affects your resistance to hostile enchantments.
Missiles
 a - 172 arrows
 r - 7 curare-tipped needles
 E - 13 arrows of frost
Armour
 j - a +0 cloak (melded)
Jewellery
 h - a ring of sustain attributes (left front paw)
 k - a ring of magical power (right front paw)
 F - an amulet of resist corrosion (around neck)
Wands
 p - a wand of cold (0)
 s - a wand of frost (19)
 t - a wand of lightning (0)
 x - a wand of random effects (21)
 y - a wand of draining (7)
 z - a wand of fire (9)
 B - a wand of enslavement (3)
 D - a wand of draining (7)
 H - a wand of flame (22)
Scrolls
 e - a scroll of remove curse
 n - 6 scrolls of teleportation
 o - 2 scrolls of immolation
 w - 2 scrolls of magic mapping
 A - 3 scrolls of recharging
 C - 3 scrolls of fog
 I - a scroll of identify
Potions
 c - 3 potions of curing
 d - 2 potions of might
 f - 2 potions of resistance
 u - 3 potions of magic
 v - 3 potions of heal wounds
 G - a potion of flight {unknown}
 J - a potion of berserk rage
Books
 b - a book of Changes

   Spells                             Type                      Level
   a - Beastly Appendage              Transmutation                1
   b - Sticks to Snakes               Transmutation                2
   c - Spider Form                    Transmutation/Poison         3
   d - Ice Form                       Ice/Transmutation            4
   e - Blade Hands                    Transmutation                5
Comestibles
 g - 5 fruits
 i - 2 royal jellies
 l - 10 beef jerkies
 m - 4 bread rations


   Skills:
 - Level 8.1 Fighting
 + Level 5.8 Dodging
 - Level 6.2 Unarmed Combat
 - Level 4.0 Spellcasting
 - Level 7.7 Transmutations
 - Level 3.1 Ice Magic
 * Level 5.2 Invocations


You had 2 spell levels left.
You knew the following spells:

 Your Spells              Type           Power        Failure   Level  Hunger
a - Beastly Appendage     Trmt           ####..       1%          1    None
b - Sticks to Snakes      Trmt           ####......   1%          2    ##.....
c - Spider Form           Trmt/Pois      ###.......   12%         3    ###....
d - Ice Form              Ice/Trmt       ###.....     21%         4    ####...
e - Blade Hands           Trmt           ####......   21%         5    ######.


Dungeon Overview and Level Annotations

Branches:
Dungeon (10/15)            Temple (1/1) D:7            Lair (0/8) D:8
    Orc: D:9-12

Altars:
Ashenzari
Cheibriados
Dithmenos
Elyvilon
Fedhas
Gozag
Kikubaaqudgha
Makhleb
Nemelex Xobeh
Okawaru
Qazlal
Ru
Sif Muna
Trog
Vehumet
Xom
Yredelemnul
Zin
The Shining One

Annotations:
D:5 1 exclusion, WereVolvo's ghost, novice HuBe


Innate Abilities, Weirdness & Mutations

((You can breathe wild blasts of lightning.))
((Your glossy black scales are hard (AC +7).))
Your body does not fit into most forms of armour.
((You are resistant to electric shocks.))
((You are cold-blooded and may be slowed by cold attacks.))


Message History

Drink which item? (? for menu, Esc to quit)
Okay, then.
Read which item? (? for menu, Esc to quit)
Okay, then.
Drink which item? (? for menu, Esc to quit)
You can't drink that!
Unknown command.
There is a stone staircase leading up here.
The hill giant hits you with a giant club!!
* * * LOW HITPOINT WARNING * * *
You climb upwards.
You feel less exhausted.
There is a stone staircase leading down here.
Unknown command.
Unknown command.
Unknown command.
Unknown command.
Unknown command.
The hill giant hits you with a giant club!!!
You die...

#).......# ##.## ##....#####
#).......# #..#####..........
........)# ##................
.........# ######...#....###
...#.....## ##.##..###
..........####### #.##..#
............##..## ##.###.####
...............C.# ##.........#
..............#.Y####.......####
........##...####.##.........#
.........##.## ##.#.......<.##
.........##.# #............##
.........##.# #.............#
..........#)# ##.............#
............# #..............##
.........<.## #...............#
#........### ###...............#


You could see a hill giant.

Vanquished Creatures
  Pikel (D:7)
  A troll (D:9)
  2 two-headed ogres (D:9)
  Prince Ribbit (D:5)
  Sigmund (D:5)
  A deep elf mage (D:8)
  A deep elf fighter (D:8)
  A yak (D:8)
  A water moccasin (D:9)
  2 orc warriors
  An ice beast (D:9)
  A slave (D:7)
  4 ogres
  A phantom (D:4)
  4 centaurs
  2 crocodiles (D:8)
  4 giant frogs
  2 scorpions
  3 crimson imps (D:9)
  A jelly (D:8)
  2 orc priests
  6 orc wizards
  6 hounds
  Jessica (D:2)
  A centaur skeleton (D:4)
  2 iguanas
  5 worker ants
  A hound zombie (D:6)
  A worker ant zombie (D:7)
  7 gnolls
  8 river rats
  13 adders
  3 shadow imps
  An ooze (D:1)
  An adder zombie (D:9)
  3 worms
  4 giant geckos
  21 orcs
  16 ball pythons
  4 giant cockroaches
  7 goblins
  6 hobgoblins
  5 quokkas
  22 bats
  6 giant newts
  11 jackals
  8 kobolds
  A quokka skeleton (D:4)
  39 rats
246 creatures vanquished.

Vanquished Creatures (collateral kills)
  4 gnolls (D:2)
  A kobold (D:2)
5 creatures vanquished.

Vanquished Creatures (others)
  3 slaves
  A necrophage (D:6)
  A giant frog (D:7)
  A scorpion (D:8)
  An ooze (D:6)
7 creatures vanquished.

Grand Total: 258 creatures vanquished

Notes
Turn   | Place    | Note
--------------------------------------------------------------
     0 | D:1      | vatarom the Draconian Transmuter began the quest for the Orb.
     0 | D:1      | Reached XP level 1. HP: 16/16 MP: 3/3
    62 | D:1      | Reached XP level 2. HP: 18/23 MP: 5/5
   490 | D:1      | Learned a level 2 spell: Sticks to Snakes
   963 | D:2      | Reached XP level 3. HP: 18/28 MP: 6/6
  1229 | D:2      | Noticed Jessica
  1242 | D:2      | Killed Jessica
  1242 | D:2      | Reached XP level 4. HP: 30/35 MP: 7/7
  1247 | D:2      | Learned a level 3 spell: Spider Form
  2652 | D:3      | Reached XP level 5. HP: 40/40 MP: 8/8
  2698 | D:3      | Reached skill level 4 in Transmutations
  2899 | D:4      | Found a radiant altar of Vehumet.
  3120 | D:4      | Found a glowing silver altar of Zin.
  3120 | D:4      | Found a glowing golden altar of the Shining One.
  3121 | D:4      | Found a sacrificial altar of Ru.
  3121 | D:4      | Found an opulent altar of Gozag.
  3150 | D:4      | Noticed an ogre
  3153 | D:4      | Killed an ogre
  3153 | D:4      | Reached XP level 6. HP: 43/47 MP: 9/9
  3155 | D:4      | Noticed a phantom
  3181 | D:4      | Killed a phantom
  3181 | D:4      | Reached skill level 5 in Transmutations
  3312 | D:4      | Found a sparkling altar of Nemelex Xobeh.
  3359 | D:4      | Got an encrusted whip
  3360 | D:4      | Identified the +4 whip "Globulus" {slash, rN+ MR+} (You found it on level 4 of the Dungeon)
  3378 | D:4      | Reached skill level 5 in Dodging
  3727 | D:4      | Your scales start taking on a glossy black colour.
  3727 | D:4      | Gained mutation: You are resistant to electric shocks. [Black Draconian growth]
  3727 | D:4      | Reached XP level 7. HP: 33/52 MP: 10/10
  3889 | D:4      | Got a polished mace
  3890 | D:4      | Identified the cursed +0 mace "Foblu Hebbudgh" {freeze, Str+3 Int+4 Dex+5} (You found it on level 4 of the Dungeon)
  4015 | D:5      | Entered Level 5 of the Dungeon
  4016 | D:5      | Noticed Prince Ribbit
  4027 | D:5      | Noticed Sigmund
  4028 | D:5      | Noticed WereVolvo's ghost (novice HuBe)
  4030 | D:5      | Killed Prince Ribbit
  4248 | D:5      | Killed Sigmund
  4248 | D:5      | Reached skill level 6 in Transmutations
  4257 | D:5      | Reached skill level 5 in Unarmed Combat
  4475 | D:5      | Found a bloodstained altar of Trog.
  4597 | D:4      | Learned a level 4 spell: Ice Form
  5123 | D:6      | Reached XP level 8. HP: 29/59 MP: 11/11
  5279 | D:6      | Reached skill level 1 in Ice Magic
  5454 | D:6      | Found a glowing drain.
  5484 | Sewer    | Entered a sewer
  6212 | D:7      | Noticed Pikel
  6243 | D:7      | Killed Pikel
  6243 | D:7      | Reached skill level 7 in Transmutations
  6243 | D:7      | Reached XP level 9. HP: 35/72 MP: 12/12
  6574 | D:7      | Reached skill level 5 in Fighting
  6771 | D:7      | Found a sparkling altar of Nemelex Xobeh.
  7070 | D:7      | Found a staircase to the Ecumenical Temple.
  7076 | Temple   | Entered the Ecumenical Temple
  7217 | Temple   | Became a worshipper of Makhleb the Destroyer
  7789 | D:8      | Found an opulent altar of Gozag.
  7905 | D:8      | Reached * piety under Makhleb
  8089 | D:8      | Found a stormy altar of Qazlal.
  8196 | D:8      | Reached ** piety under Makhleb
  8239 | D:8      | Found a staircase to the Lair.
  8312 | D:8      | Reached skill level 1 in Invocations
  8498 | D:8      | Found a snail-covered altar of Cheibriados.
  8558 | D:8      | Reached skill level 8 in Fighting
  8644 | D:8      | Learned a level 5 spell: Blade Hands
  8915 | D:9      | Reached XP level 10. HP: 88/88 MP: 16/16
  9017 | D:9      | Found an iron altar of Okawaru.
  9159 | D:9      | Found an opulent altar of Gozag.
  9253 | D:9      | Reached skill level 5 in Invocations
  9471 | D:9      | Reached *** piety under Makhleb
  9970 | D:10     | Entered Level 10 of the Dungeon
 10006 | D:10     | Noticed a hill giant
 10045 | D:9      | Annihilated by a hill giant

Action                   |  1- 3 |  4- 6 |  7- 9 | 10-12 || total
-------------------------+-------+-------+-------+-------++-------
Melee: Unarmed           |    91 |   228 |   445 |    62 ||   826
       Whip              |       |    10 |       |       ||    10
       Mace              |       |       |    17 |       ||    17
 Cast: Beastly Appendage |     6 |     3 |     1 |       ||    10
       Sticks to Snakes  |    11 |       |       |       ||    11
       Spider Form       |       |    14 |    15 |       ||    29
       Ice Form          |       |       |    13 |     1 ||    14
       Blade Hands       |       |       |     3 |     5 ||     8
 Abil: End Transformatio |       |     1 |       |       ||     1
       Breathe Lightning |       |       |     7 |     1 ||     8
Evoke: Wand              |       |    10 |     4 |       ||    14
  Use: Scroll            |     3 |     9 |     5 |     1 ||    18
       Potion            |     1 |     2 |     6 |     2 ||    11
 Stab: Sleeping          |     1 |     2 |     1 |       ||     4
  Eat: Meat ration       |     1 |     1 |     4 |     1 ||     7
       Bread ration      |       |     2 |       |     1 ||     3
       Fruit             |       |       |     3 |       ||     3
